 Dungeon Crawl Stone Soup version 0.29-a0-378-gc08b2e8bf8 (webtiles) character file.

Game seed: 1300919601721771241

8415 Pelinal the Spear-Bearer (level 11, -14/68 HPs)
             Began as a Merfolk Ice Elementalist on May 5, 2022.
             Was a Priest of Kikubaaqudgha.
             Killed from afar by a molten gargoyle (25 damage)
             ... with a bolt of magma
             ... on level 9 of the Dungeon.
             The game lasted 00:43:59 (12297 turns).

Pelinal the Spear-Bearer (MfIE)                    Turns: 12297, Time: 00:44:00

Health: -14/68     AC:  5    Str: 10    XL:     11   Next: 30%
Magic:  5/15       EV: 19    Int: 19    God:    Kikubaaqudgha [***...]
Gold:   278        SH:  0    Dex: 18    Spells: 1/16 levels left

rFire   + + .      SeeInvis .   V - +3 trident
rCold   + . .      Faith    .   (no shield)
rNeg    . . .      Spirit   .   F - +1 robe {Will+}
rPois   .          Reflect  .   (no helmet)
rElec   .          Harm     .   W - scarf {rC+ rF+}
rCorr   .          Rampage  .   m - +0 pair of gloves
Will    +....                   x - +0 pair of boots
Stlth   ++++......              (no amulet)
HPRegen 0.21/turn               d - ring "Appu" {rF+ Int+5 Stlth+}
MPRegen 0.14/turn               G - ring of wizardry

@: freezing walls, studying Slings, invisible
A: (nimble swimmer 2), mertail
a: Renounce Religion, Receive Corpses


You were on level 9 of the Dungeon.
You worshipped Kikubaaqudgha.
Kikubaaqudgha was most pleased with you.
You visited 2 branches of the dungeon, and saw 10 of its levels.
You also visited: Sewer and Bailey.

You collected 454 gold pieces.
You spent 176 gold pieces at shops.

Inventory:

Hand Weapons
 a - a +1 short sword of electrocution
 b - a +0 hunting sling
 f - a +0 dagger
 l - a +0 dagger of holy wrath
 t - a +0 trident
 N - a +2 vorpal spear
 V - a +3 trident (weapon)
Missiles
 n - 310 stones
 y - 21 poisoned darts
 z - 2 atropa-tipped darts
 L - 2 throwing nets
Armour
 e - an orb of wrath
 m - a +0 pair of gloves (worn)
 w - an orb of light
 x - a +0 pair of boots (worn)
 F - a +1 robe of willpower (worn)
 O - a +0 kite shield
 W - a scarf of resistance (worn)
 Y - a +0 robe of willpower
Magical Staves
 g - a staff of poison
Jewellery
 d - the ring "Appu" (left hand) {rF+ Int+5 Stlth+}
   (You found it on level 8 of the Dungeon)

   [ring of protection from fire]

   Int:       It affects your intelligence (+5).
   rF:        It protects you from fire.
   Stlth:     It makes you more stealthy.
 j - a +6 ring of intelligence
 G - a ring of wizardry (right hand)
 I - a ring of fire
 P - a ring of positive energy
Wands
 K - a wand of iceblast (1)
 M - a wand of digging (3)
 R - a wand of mindburst (12)
 S - a wand of paralysis (14)
Scrolls
 k - 2 scrolls of enchant armour {unknown}
 r - a scroll of teleportation
 s - a scroll of torment {unknown}
 u - 2 scrolls of poison {unknown}
 A - 2 scrolls of immolation
 B - a scroll of silence {unknown}
 E - a scroll of magic mapping
 H - a scroll of blinking
 J - a scroll of summoning
 T - a scroll of fear {unknown}
 X - 2 scrolls of amnesia {unknown}
Potions
 c - 4 potions of magic
 h - 2 potions of degeneration {unknown}
 i - 4 potions of curing
 q - 2 potions of invisibility
 v - a potion of attraction {unknown}
 C - 2 potions of lignification {unknown}
 D - 2 potions of flight {unknown}
 Q - 3 potions of haste
 U - a potion of ambrosia


   Skills:
 + Level 13.0 Polearms
 + Level 10.9 Dodging
 - Level 5.0 Stealth
 - Level 3.0 Spellcasting
 - Level 4.0 Summonings
 - Level 6.1 Necromancy
 - Level 7.3 Ice Magic
 - Level 2.2 Air Magic


You had one spell level left.
You knew the following spells:

 Your Spells              Type           Power      Damage    Failure   Level
a - Freeze                Ice            100%       1d11      1%          1
b - Frozen Ramparts       Ice            60%        1d8       1%          3
c - Ozocubu's Armour      Ice            30%        N/A       1%          3
d - Pain                  Necr           100%       1d9       1%          1
e - Corpse Rot            Necr/Air       36%        N/A       1%          2
f - Vampiric Draining     Necr           26%        2d7       1%          3
z - Animate Skeleton      Necr           52%        N/A       1%          1
Z - Summon Small Mammal   Summ           72%        N/A       1%          1

Your spell library contained the following spells:

 Spells                   Type           Power      Damage    Failure   Level
 Foxfire                  Conj/Fire      8%         2x1d4     6%          1
 Sublimation of Blood     Necr           26%        N/A       1%          2
 Call Canine Familiar     Summ           18%        N/A       3%          3
 Animate Dead             Necr           13%        N/A       4%          4
 Static Discharge         Conj/Air       7%         N/A       6%          2
 Summon Guardian Golem    Hex/Summ       10%        N/A       9%          3
 Hailstorm                Conj/Ice       16%        3d6       13%         4
 Excruciating Wounds      Necr           13%        N/A       14%         5
 Conjure Flame            Conj/Fire      2%         6-21      17%         3
 Inner Flame              Hex/Fire       2%         N/A       17%         3
 Borgnjor's Vile Clutch   Necr/Erth      7%         N/A       43%         5
 Flame Wave               Conj/Fire      2%         2d4       50%         4
 Simulacrum               Ice/Necr       14%        N/A       50%         6
 Death Channel            Necr           13%        N/A       56%         6
 Lightning Bolt           Conj/Air       3%         1d15      69%         5
 Maxwell's Capacitive Co  Air            5%         ∞         100%        8


Dungeon Overview and Level Annotations

Branches:
Dungeon (9/15)             Temple (1/1) D:4            Lair (0/6) D:9
  Sewer (visited)          Bailey (visited)
    Orc: D:9-12

Altars:
Ashenzari
Hepliaklqana
Kikubaaqudgha
Makhleb
Okawaru
Trog
Vehumet
Zin

Shops:
D:3 :   D:5 (

Annotations:
D:8 2 transporters, RandomusNamus's ghost, novice MiCA


Innate Abilities, Weirdness & Mutations

((You are very nimble when in or above water. (Stealth+, EV+, Speed+++)))
Your lower body shifts to a powerful aquatic tail in water.


Message History

The walls around you are covered in ice.
The wall freezes the molten gargoyle.
The wall freezes the molten gargoyle!
The molten gargoyle barely misses you.
Unknown command.
You are too injured to fight recklessly!
Unknown command.
Reach: V) +3 trident
Press: ? - help, Dir - move target, f - molten gargoyle
Aim: a molten gargoyle, wielding a +0 mace (moderately damaged, about 23% to evade your +3 trident)
You barely miss the molten gargoyle.
The molten gargoyle is moderately damaged.
The wall freezes the molten gargoyle. x2
The molten gargoyle blasts magma at you!
The bolt of magma misses you.
You fade into invisibility!
The wall freezes the molten gargoyle. x2
The molten gargoyle hits you with a +0 mace!
* * * LOW HITPOINT WARNING * * *
You are engulfed in flames.
You resist.
* * * LOW HITPOINT WARNING * * *
Unknown command.
You feel better.
Unknown command.
Reach: V) +3 trident
Press: ? - help, Dir - move target, f/p - molten gargoyle
Aim: a molten gargoyle, wielding a +0 mace (severely damaged, can't see you, about 23% to evade your +3 trident)
You hit the molten gargoyle but do no damage.
The molten gargoyle is severely damaged.
Unknown command.
Reach: V) +3 trident
Press: ? - help, Dir - move target, f/p - molten gargoyle
Aim: a molten gargoyle, wielding a +0 mace (severely damaged, can't see you, about 23% to evade your +3 trident)
You catch the helpless molten gargoyle completely off-guard!
You hit the molten gargoyle.
The molten gargoyle is almost destroyed.
The wall freezes the molten gargoyle.
The molten gargoyle blasts magma at you!
The bolt of magma hits you!! You partially resist.
You die...
Kikubaaqudgha rasps: "You have failed me!
Welcome... death!"

###..)........ ##
..#.....####### .#.#
..#.....#...... #.#.#
..#.....'...... .≈.9..
..#.....###.... ≈≈≈§§.#
..#.......# ..
≈≈≈≈≈≈.#..#.....)##
8§§§#9###......#
≈88≈≈§)#@........#
§≈≈§§§#.........[#######+
≈≈≈≈§..#.................
≈.≈[..#...#'###..........
.#.#.#.#..#...#..........
#.#.#.#...#...#..........
#.........#...#..........
#.........#...#..........
.........###...#########'#


You could see 2 molten gargoyles.

Vanquished Creatures
  2 vault guards (Bailey)
  Erolcha (D:9)
  Pikel (D:7)
  2 molten gargoyles (D:9)
  A troll (D:9)
  A blink frog (Bailey)
  2 humans (Bailey)
  A wyvern (D:7)
  Eustachio (D:7)
  2 steam dragons
  Edmund (D:6)
  Duvessa (D:7)
  5 orc warriors
  2 ogres
  3 centaurs
  4 wolves
  A kobold brigand (D:7)
  A lemure (D:7)
  Blork the orc (D:7)
  12 bullfrogs
  A necrophage (D:6)
  A gnoll sergeant (D:6)
  3 scorpions
  11 wights
  Dowan (D:7)
  4 killer bees (D:7)
  2 howler monkeys (D:6)
  2 electric eels
  A lava snake (D:9)
  4 hounds
  2 jellies
  4 orc priests
  2 iguanas (D:5)
  3 orc wizards
  7 gnolls
  7 adders
  A river rat (D:3)
  2 white imps
  An ufetubus (D:6)
  A worm (D:2)
  11 dart slugs
  18 orcs
  10 endoplasms
  10 giant cockroaches
  12 goblins
  8 hobgoblins
  23 kobolds
  6 quokkas
  5 ball pythons
  8 bats
  3 frilled lizards (D:1)
  12 rats
231 creatures vanquished.

Vanquished Creatures (collateral kills)
  A bullfrog (Bailey)
  2 orcs (D:7)
3 creatures vanquished.

Vanquished Creatures (others)
  3 fungi (D:7)
  A plant (Sewer)
  3 toadstools (D:7)
7 creatures vanquished.

Grand Total: 241 creatures vanquished

Notes
Turn   | Place    | Note
-------+----------+-------------------------------------------
     0 | D:1      | Pelinal the Merfolk Ice Elementalist began the quest for
                  | the Orb.
     0 | D:1      | Reached XP level 1. HP: 13/13 MP: 3/3
   286 | D:1      | Reached XP level 2. HP: 13/19 MP: 0/5
  1300 | D:2      | Reached XP level 3. HP: 22/24 MP: 4/6
  1462 | D:2      | Reached skill level 5 in Ice Magic
  1736 | D:2      | Reached XP level 4. HP: 27/30 MP: 5/7
  2168 | D:3      | Noticed an ogre
  2347 | D:3      | Found a glowing drain.
  2364 | Sewer    | Entered a sewer
  2573 | Sewer    | Learned a level 3 spell: Frozen Ramparts
  2577 | Sewer    | Learned a level 3 spell: Ozocubu's Armour
  2946 | D:3      | Reached XP level 5. HP: 30/35 MP: 6/9
  3160 | D:3      | Found Woipt's Book Shop.
  3507 | D:4      | Found a staircase to the Ecumenical Temple.
  3512 | Temple   | Entered the Ecumenical Temple
  3524 | Temple   | Became a worshipper of Kikubaaqudgha
  4022 | D:4      | Found a bloodstained altar of Trog.
  4054 | D:4      | Reached XP level 6. HP: 38/41 MP: 3/10
  4215 | D:5      | Entered Level 5 of the Dungeon
  4586 | D:5      | Found Uzuttiw's Antique Weapon Shop.
  4864 | D:5      | Reached skill level 5 in Stealth
  4864 | D:5      | Reached XP level 7. HP: 46/46 MP: 11/11
  5039 | D:5      | Reached skill level 1 in Polearms
  5664 | D:6      | Reached skill level 2 in Polearms
  5667 | D:6      | Reached skill level 3 in Polearms
  5674 | D:6      | Reached * piety under Kikubaaqudgha
  5674 | D:6      | Received a gift from Kikubaaqudgha
  5860 | D:6      | Reached skill level 4 in Polearms
  6036 | D:6      | Noticed Edmund
  6043 | D:6      | Reached skill level 5 in Polearms
  6045 | D:6      | Reached skill level 6 in Polearms
  6049 | D:6      | Killed Edmund
  6050 | D:6      | Reached XP level 8. HP: 20/52 MP: 4/12
  6092 | D:6      | Noticed a two-headed ogre
  6250 | D:6      | Learned a level 1 spell: Summon Small Mammal
  6279 | D:6      | Reached skill level 7 in Polearms
  6366 | D:6      | Learned a level 1 spell: Pain
  6462 | D:6      | Reached skill level 8 in Polearms
  7011 | D:3      | Bought a book of Necromancy for 176 gold pieces
  7039 | D:3      | Reached skill level 1 in Necromancy
  7438 | D:7      | Learned a level 1 spell: Animate Skeleton
  7502 | D:7      | Noticed Dowan
  7505 | D:7      | Noticed Eustachio
  7506 | D:7      | Noticed Duvessa
  7507 | D:7      | Noticed Blork the orc
  7612 | D:7      | Killed Blork the orc
  7615 | D:7      | Killed Dowan
  7615 | D:7      | Reached ** piety under Kikubaaqudgha
  7866 | D:7      | Noticed Pikel
  7883 | D:7      | Killed Pikel
  7884 | D:7      | Reached skill level 5 in Necromancy
  7884 | D:7      | Reached XP level 9. HP: 14/57 MP: 5/13
  8214 | D:7      | Learned a level 2 spell: Corpse Rot
  8448 | D:7      | Killed Duvessa
  8449 | D:7      | Reached skill level 1 in Summonings
  8696 | D:7      | Reached skill level 1 in Air Magic
  9370 | D:7      | Killed Eustachio
  9534 | D:7      | Noticed a kobold demonologist
  9572 | D:8      | Noticed a queen bee
  9577 | D:8      | Found a transporter.
  9580 | D:8      | Found a transporter.
  9581 | D:8      | Noticed RandomusNamus's ghost (novice MiCA)
  9724 | D:8      | Found a glowing silver altar of Zin.
  9910 | D:8      | Reached XP level 10. HP: 49/63 MP: 6/14
  9913 | D:8      | Reached skill level 9 in Polearms
  9913 | D:8      | Reached skill level 5 in Dodging
  9973 | D:8      | Identified the ring "Appu" {rF+ Int+5 Stlth+}
  9981 | D:8      | Learned a level 3 spell: Vampiric Draining
 10199 | D:8      | Found a flagged portal.
 10207 | Bailey   | Entered a bailey
 10516 | Bailey   | Reached *** piety under Kikubaaqudgha
 10516 | Bailey   | Received a gift from Kikubaaqudgha
 10519 | Bailey   | Reached skill level 10 in Polearms
 10555 | Bailey   | Noticed a vault guard
 10593 | Bailey   | Killed a vault guard
 10594 | Bailey   | Reached skill level 11 in Polearms
 10777 | Bailey   | Noticed a vault guard
 10795 | Bailey   | Killed a vault guard
 11028 | D:9      | Found a staircase to the Lair.
 11036 | D:9      | Noticed Erolcha
 11603 | D:9      | Reached skill level 12 in Polearms
 11603 | D:9      | Reached XP level 11. HP: 57/68 MP: 12/15
 11723 | D:9      | Reached skill level 10 in Dodging
 12106 | D:9      | Killed Erolcha
 12287 | D:9      | Reached skill level 13 in Polearms
 12297 | D:9      | Killed from afar by a molten gargoyle

Illustrated notes

Levels and vault maps discovered:
D:1:      matt_arrival_diagonals, layout_basic
D:2:      layout_loops_ring
D:3:      layout_basic, serial_shops, nicolae_shop_waterfront,
          portal_sewer_entry_e
D:4:      layout_loops_ring, mainiacjoe_overflow_alcove_1,
          minmay_temple_entry_glassed_door
D:5:      layout_loops_corners, serial_shops, nicolae_take_the_stairs
D:6:      layout_gridville, minmay_manual_mares, uniq_edmund
D:7:      kennysheep_slugbush, layout_gridville, minmay_gold_behind_fungi,
          sword_in_stone, uniq_duvessa, uniq_pikel, uniq_prince_ribbit1
D:8:      layout_rooms, zin_statuary, gammafunk_ghost_hive, enter_bailey_3,
          serial_corexii_hall, corexii_hall_statues_x, chequers_hall_statues_y
D:9:      layout_irregular_city, erik_lair_island, corexii_checkpoint_a,
          minivault_8, uniq_erolcha
Temple:   regret_index_temple_chain_breaker

Skill      XL: |  1  2  3  4  5  6  7  8  9 10 11 |
---------------+----------------------------------+-----
Dodging        | 3 4 9 10 | 10.9
Stealth        | 3 4 5 |  5.0
Ice Magic      | 5 6 7 |  7.3
Spellcasting   | 3 |  3.0
Polearms       | 6 8 12 13 | 13.0
Necromancy     | 5 6 |  6.1
Summonings     | 4 |  4.0
Air Magic      | 2 |  2.2

Action                   |  1- 3 |  4- 6 |  7- 9 | 10-12 || total
-------------------------+-------+-------+-------+-------++-------
Melee: Unarmed           |     5 |       |       |       ||     5
       Dagger            |    14 |       |       |       ||    14
       Short sword       |    14 |   115 |    12 |       ||   141
       Tailslap          |       |     2 |     3 |     2 ||     7
       Punch             |       |     2 |     2 |     3 ||     7
       Spear             |       |       |   205 |   142 ||   347
       Trident           |       |       |     5 |    85 ||    90
 Fire: Hunting sling     |       |    16 |       |       ||    16
 Cast: Freeze            |    36 |    34 |    21 |     7 ||    98
       Frozen Ramparts   |       |     5 |    18 |    19 ||    42
       Ozocubu's Armour  |       |       |    13 |    16 ||    29
       Summon Small Mamm |       |       |     6 |     2 ||     8
       Pain              |       |       |     8 |       ||     8
       Animate Skeleton  |       |       |     5 |    14 ||    19
       Vampiric Draining |       |       |       |     3 ||     3
       Corpse Rot        |       |       |       |     1 ||     1
Evoke: Wand              |       |       |     1 |       ||     1
  Use: Scroll            |       |     3 |     3 |     4 ||    10
       Potion            |       |       |     7 |     8 ||    15
 Stab: Sleeping          |     9 |     2 |     7 |     7 ||    25
       Distracted        |       |     1 |       |       ||     1
       Invisible         |       |       |     2 |     1 ||     3
Armor: Robe              |     7 |    27 |    45 |    24 ||   103
Dodge: Dodged            |    42 |    84 |   118 |   117 ||   361

Table legend: (Time is in decaauts)
 A = Elapsed time spent in this place.
 B = Non-inter-level travel time spent in this place.
 C = Inter-level travel time spent in this place.
 D = Time resting spent in this place.
 E = Time spent auto-exploring this place.
 F = Levels seen in this place.
 G = Mean time per level.
                   A        B        C        D        E       F      G
               +--------+--------+--------+--------+--------+-----+--------+
         Total |  12044 |  11660 |    384 |   3206 |   5655 |  12 | 1003.7 |
       Dungeon |  10945 |  10561 |    384 |   2672 |   5540 |   9 | 1216.1 |
        Temple |     24 |     24 |      0 |      0 |      2 |   1 |   24.0 |
         Sewer |    477 |    477 |      0 |    205 |     66 |   1 |  477.0 |
        Bailey |    597 |    597 |      0 |    329 |     47 |   1 |  597.0 |
               +--------+--------+--------+--------+--------+-----+--------+

Top non-repeatable levels by time:
     D:7: 2056 daAuts
     D:5: 1433 daAuts
     D:6: 1387 daAuts
     D:1: 1293 daAuts
     D:9: 1010 daAuts
     D:4: 1001 daAuts
     D:8: 991 daAuts
     D:2: 962 daAuts
     D:3: 810 daAuts
  Bailey: 597 daAuts
   Sewer: 477 daAuts
  Temple: 24 daAuts
